 Dungeon Crawl Stone Soup version 0.30.1-9-gdf580d7c3d (webtiles) character file.

Game seed: 1386343048003754522

921 lonewolfV2 the Chopper (level 8, -1/61 HPs)
             Began as a Formicid Fighter on Sept 27, 2023.
             Slain by Blork the orc
             ... wielding a +0 scimitar
              (14 damage)
             ... on level 5 of the Dungeon.
             The game lasted 00:04:54 (5223 turns).

lonewolfV2 the Chopper (Formicid Fighter)           Turns: 5223, Time: 00:04:54

Health: -1/61      AC:  7    Str: 23    XL:     8   Next: 31%
Magic:  8/8        EV: 10    Int:  8    God:
Gold:   311        SH:  5    Dex: 13    Spells: 7/7 levels left

rFire   + . .        a - +1 war axe
rCold   x . .        c - +0 buckler
rNeg    . . .        b - +0 scale mail
rPois   .            (helmet unavailable)
rElec   .            (no cloak)
rCorr   .            (no gloves)
SInv    +            (no boots)
Will    .....        (no amulet) Stlth
                     f - ring of fire
HPRegen 0.30/turn    (no ring)
MPRegen 0.11/turn

%: no passive effects
@: no status effects
A: permanent stasis, dig shafts and tunnels, antennae 3, four strong arms
a: Dig, Shaft Self


You were on level 5 of the Dungeon.
You visited 1 branch of the dungeon, and saw 5 of its levels.

You collected 311 gold pieces.

Inventory:

Hand Weapons
 a - a +1 war axe (weapon)
Armour
 b - a +0 scale mail (worn)
 c - a +0 buckler (worn)
Jewellery
 e - a +6 ring of strength
 f - a ring of fire (left hand)
 m - a +4 ring of protection
 r - the ring "Nuakhloaq" {rElec rN+ Will- rCorr Int+6}
   (You found it on level 5 of the Dungeon)

   [ring of resist corrosion]

   Int:       It affects your intelligence (+6).
   rElec:     It insulates you from electricity.
   rN:        It protects you from negative energy.
   rCorr:     It protects you from acid and corrosion.
   Will:      It decreases your willpower.
Wands
 n - a wand of iceblast (4)
Scrolls
 p - a scroll of summoning
Potions
 h - 2 potions of attraction
 i - 4 potions of cancellation
 j - a potion of resistance {unknown}
 k - 2 potions of heal wounds {unknown}
 l - 2 potions of degeneration {unknown}
 o - a potion of mutation {unknown}
 q - a potion of flight {unknown}


   Skills:
 + Level 4.9 Fighting
 + Level 6.1 Axes
 + Level 5.4 Armour
 + Level 2.2 Dodging
 + Level 1.4 Stealth
 + Level 5.7 Shields


You had 7 spell levels left.
You didn't know any spells.
Your spell library contained the following spells:

 Spells                   Type           Power      Damage    Failure   Level
 Magic Dart               Conj           0%         1d3       77%         1
 Searing Ray              Conj           0%         2d4       88%         2
 Inner Flame              Hex/Fire       0%         N/A       98%         3
 Flame Wave               Conj/Fire      0%         2d4       100%        4
 Fulminant Prism          Conj/Hex       0%         3d5       100%        4
 Sticky Flame             Conj/Fire      0%         2d3       100%        4


Dungeon Overview and Level Annotations

Branches:
Dungeon (5/15)
 Temple: D:4-7

Altars:
Elyvilon
Makhleb
Vehumet
The Shining One

Shops:
D:4 =

Annotations:
D:5 Blork the orc


Innate Abilities, Weirdness & Mutations

You cannot be hasted, slowed, berserked, paralysed or teleported.
You can dig through walls and to a lower floor.
You have a pair of large antennae on your head. (SInv)
Your four strong arms can wield two-handed weapons with a shield.


Message History

You slash the ufetubus!
You kill the ufetubus!
You completely miss the ufetubus. The ufetubus hits you.
The ufetubus hits you but does no damage.
The ufetubus closely misses you. You block the ufetubus's attack.
You slash the ogre!
The ogre is heavily wounded.
You slash the ufetubus!
You kill the ufetubus!
The ogre closely misses you.
You hit the ogre.
The ogre is heavily wounded.
You hit Blork the orc but do no damage.
Blork the orc grins evilly.
Blork the orc closely misses you. The ogre hits you with a +0 giant club!
You slash the ogre!
The ogre is almost dead.
You barely miss Blork the orc. Blork the orc closely misses you.
You slash the ogre!
You kill the ogre!
You closely miss Blork the orc.
Blork the orc screams, "I'll eat your brain!
And then I'll vomit it back up!"
Blork the orc hits you with a +0 scimitar!
Blork the orc hits you with a +0 scimitar.
The ogre closely misses you.
Your Axes skill increases to level 6!
You barely miss the ogre. You hit Blork the orc.
Blork the orc casts a spell at you. The magic dart hits you!
You hit the ogre.
The ogre is lightly wounded.
You hit Blork the orc but do no damage. The ogre hits you with a +0 giant club!
* * * LOW HITPOINT WARNING * * *
Blork the orc barely misses you.
Unknown command.
You slash the ogre!
The ogre is severely wounded.
You slash Blork the orc! The ogre barely misses you.
Blork the orc hits you with a +0 scimitar!
You die...

...8....#.##
.........#.##
....8.....#.##
...........#.##
...8........#.#####
.............#.#...
......o)......#....
......O@.#......#.#
########..........#
.... ##..>........
....
####.....########....
#.....<..'...........
#.##.....####.......#
#.#......'..#.......#
#.#......##.#........
#.#.#.....#.##...###


You could see Blork the orc and an ogre.

Vanquished Creatures
  Menkaure (D:5)
  2 ogres
  3 scorpions (D:4)
  A jelly (D:4)
  2 orc priests (D:5)
  An iguana (D:4)
  3 orc wizards
  A sleepcap (D:4)
  2 adders
  11 gnolls
  2 ufetubi (D:5)
  3 orcs (D:4)
  6 bats
  11 endoplasms
  3 giant cockroaches
  9 hobgoblins
  5 jackals
  6 quokkas
  7 ball pythons
  5 frilled lizards (D:1)
  10 goblins
  10 kobolds
  4 rats
108 creatures vanquished.

Vanquished Creatures (collateral kills)
  2 gnolls (D:2)
  A frilled lizard (D:2)
3 creatures vanquished.

Vanquished Creatures (others)
  A hobgoblin (D:4)
1 creature vanquished.

Grand Total: 112 creatures vanquished

Notes
Turn   | Place    | Note
-------+----------+-------------------------------------------
     0 | D:1      | lonewolfV2 the Formicid Fighter began the quest for the
                  | Orb.
     0 | D:1      | Reached XP level 1. HP: 18/18 MP: 1/1
   107 | D:1      | Reached XP level 2. HP: 16/24 MP: 2/2
   297 | D:1      | Reached XP level 3. HP: 28/29 MP: 3/3
   991 | D:2      | Reached skill level 1 in Dodging
   991 | D:2      | Reached XP level 4. HP: 35/35 MP: 4/4
  1320 | D:2      | Found a faded altar of an unknown god.
  1708 | D:2      | Reached skill level 3 in Axes
  1950 | D:3      | Found a burning altar of Makhleb.
  2015 | D:3      | Found a white marble altar of Elyvilon.
  2248 | D:3      | Reached XP level 5. HP: 40/41 MP: 5/5
  2726 | D:3      | Found a radiant altar of Vehumet.
  3095 | D:4      | Reached skill level 4 in Axes
  3095 | D:4      | Reached XP level 6. HP: 38/48 MP: 6/6
  3143 | D:4      | Found Zeusovoc's Jewellery Boutique.
  3180 | D:4      | Reached skill level 5 in Shields
  3453 | D:4      | Reached skill level 1 in Stealth
  3631 | D:4      | Reached XP level 7. HP: 26/54 MP: 7/7
  3993 | D:4      | Found a glowing golden altar of the Shining One.
  4186 | D:4      | Reached skill level 5 in Axes
  4628 | D:4      | Reached skill level 5 in Armour
  5017 | D:5      | Entered Level 5 of the Dungeon
  5047 | D:5      | Identified the ring "Nuakhloaq" {rElec rN+ Will- rCorr
                  | Int+6}
  5060 | D:5      | Noticed Menkaure
  5074 | D:5      | Reached XP level 8. HP: 24/61 MP: 8/8
  5074 | D:5      | Killed Menkaure
  5213 | D:5      | Noticed Blork the orc
  5221 | D:5      | Reached skill level 6 in Axes
  5223 | D:5      | Slain by Blork the orc

Illustrated notes

Levels and vault maps discovered:
D:1:      dpeg_cavernosity, layout_basic
D:2:      layout_loops_ring, shapermc_ecumenical_altar_starsandcircs
D:3:      cheibrodos_greedy_goblins, layout_loops_corners, fiery_altar_vehumet,
          lemuel_round_altar, nicolae_overflow_hidden_temple
D:4:      layout_basic, amcnicky_altar_gilded, serial_shops, shop,
          portal_sewer_entry_f
D:5:      wad_pebble_path, layout_basic, lightli_temple_of_fire,
          minmay_temple_entry_hall, uniq_blork_the_orc, uniq_menkaure

Skill      XL: |  1  2  3  4  5  6  7  8 |
---------------+-------------------------+-----
Dodging        | 1 2 |  2.2
Axes           | 3 4 5 6 |  6.1
Armour         | 4 5 |  5.4
Shields        | 5 |  5.7
Stealth        | 1 |  1.4
Fighting       | 4 |  4.9

Action                     |  1- 3 |  4- 6 |  7- 9 || total
---------------------------+-------+-------+-------++-------
  Melee: War axe           |    85 |   139 |    75 ||   299
    Use: Scroll            |     4 |     4 |     2 ||    10
         Potion            |       |       |     4 ||     4
 Armour: Scale mail        |    60 |    73 |    30 ||   163
  Dodge: Dodged            |    64 |    94 |    40 ||   198
  Block: Buckler           |    14 |    38 |    25 ||    77
